AoeStats
← Long John Silver

Black Forest

505928867Analyzed
3v3 RM · 21d ago on Sep 11, 2026· 43m 54s· 6 players
Game mode
Random Map
Map size
Normal (6 player)
Population
200
Speed
Normal
Resources
Standard
Victory
Conquest
Starting age
Dark Age
Ending age
Imperial Age
RankedLock teamsTeams togetherTeam positionsShared explorationLock speedFull tech treeHidden civsTurbo modeCheats
Victory
Defeat
🇩🇪 Saracens · Germany
1417
+18
🇦🇺 Dravidians · Australia
1379
+18
🇻🇳 Ethiopians · Vietnam
1375
+19
🇩🇪 Persians · Germany
1744
-29
🇩🇪 Bohemians · Germany
1310
-13
🇩🇪 Koreans · Germany
1301
-13
mryendl2410
7:02 Loom
10:08 Feudal Age
13:04 Double-Bit Axe
13:22 Fletching
16:36 Padded Archer Armor
22:50 Castle Age
21:38 Gold Mining
21:32 Horse Collar
23:42 Bodkin Arrow
23:13 Crossbowman
27:14 Ballistics
34:33 Imperial Age
35:36 Bracer
commandokris
2:46 Loom
13:26 Feudal Age
17:43 Castle Age
16:53 Double-Bit Axe
16:50 Horse Collar
18:52 Bow Saw
19:34 Heavy Plow
22:39 Wheelbarrow
24:23 Hand Cart
24:04 Town Watch
25:45 Fletching
25:56 Padded Archer Armor
26:13 Husbandry
27:33 Ballistics
27:39 Bodkin Arrow
28:00 Leather Archer Armor
28:32 Gold Mining
29:03 Thumb Ring
32:52 Imperial Age
32:56 Elite Elephant Archer
33:31 Onager
34:56 Fortified Wall
34:56 Bracer
35:26 Ring Archer Armor
36:01 Chemistry
35:11 Masonry
37:29 Siege Elephant
40:05 Medical Corps
Long John Silver
7:12 Loom
9:19 Feudal Age
13:17 Fletching
15:51 Double-Bit Axe
21:59 Castle Age
19:42 Horse Collar
19:52 Gold Mining
21:12 Padded Archer Armor
22:03 Crossbowman
22:44 Bodkin Arrow
24:20 Thumb Ring
25:25 Bow Saw
28:37 Wheelbarrow
28:58 Ballistics
28:54 Leather Archer Armor
29:18 Heavy Plow
32:32 Hand Cart
34:19 Gold Shaft Mining
33:34 Stone Mining
39:28 Imperial Age
37:38 Town Watch
38:00 Scale Barding Armor
38:05 Forging
39:08 Chain Barding Armor
40:40 Iron Casting
39:48 Treadmill Crane
40:18 Masonry
40:17 Siege Engineers
40:33 Conscription
39:33 Elite Mameluke
schlauchnase
6:29 Loom
9:48 Feudal Age
12:55 Double-Bit Axe
14:33 Fletching
15:08 Padded Archer Armor
21:50 Wheelbarrow
25:47 Castle Age
30:11 Bow Saw
35:43 Imperial Age
32:47 Crossbowman
34:21 Bodkin Arrow
35:05 Leather Archer Armor
36:27 Leather Archer Armor
39:49 Imperial Age
40:22 Chemistry
40:37 Bracer
41:07 Ring Archer Armor
41:06 Ballistics
Saint Martinique
8:49 Feudal Age
9:51 Double-Bit Axe
15:51 Castle Age
13:59 Horse Collar
16:39 Scale Barding Armor
17:15 Husbandry
23:20 Chain Barding Armor
25:28 Wheelbarrow
29:29 Hand Cart
29:00 Town Watch
29:31 Loom
33:05 Imperial Age
31:11 Bloodlines
30:24 Light Cavalry
31:26 Forging
32:55 Cavalier
34:38 Plate Barding Armor
34:38 Iron Casting
35:41 Heavy Camel Rider
38:47 Blast Furnace
37:37 Fletching
38:02 Padded Archer Armor
38:03 Scale Mail Armor
Der Sprudel
0:40 Loom
12:52 Feudal Age
15:28 Double-Bit Axe
33:19 Horse Collar
Connection lost

Rejoining the realm…

Still unreachable

The connection could not be restored.

Session expired

The server has moved on; the page needs a fresh start.